 Dungeon Crawl Stone Soup version 0.27.1-1-g398f81649c (webtiles) character file.

Game seed: 6026125912591172291

634 zdrol the Covered (level 7, -10/61 HPs)
             Began as a Minotaur Fighter on Sept 6, 2021.
             Mangled by an orc warrior (12 damage)
             ... on level 4 of the Dungeon.
             The game lasted 00:15:11 (4111 turns).

zdrol the Covered (Minotaur Fighter)                Turns: 4111, Time: 00:15:12

Health: -10/61     AC: 10    Str: 22    XL:     7   Next: 24%
Magic:  6/6        EV:  6    Int:  5    God:
Gold:   162        SH: 10    Dex: 10    Spells: 6/6 levels left

rFire    + . .     SeeInvis .   a - +0 flail
rCold    + . .     Faith    .   c - +0 kite shield
rNeg     . . .     Spirit   .   f - +0 chain mail
rPois    +         Reflect  .   (helmet restricted)
rElec    +         Harm     .   (no cloak)
rCorr    +         Rampage  .   (no gloves)
Will     .....                  (no boots)
Stlth    ..........             (no amulet)
HPRegen  0.20/turn              (no ring)
MPRegen  0.10/turn              (no ring)

@: resistant, flying, very slightly contaminated, hasted, invisible, very quick
A: horns 2, retaliatory headbutt
a: no special abilities


You were on level 4 of the Dungeon.
You visited 1 branch of the dungeon, and saw 4 of its levels.

You collected 162 gold pieces.

Inventory:

Hand Weapons
 a - a +0 flail (weapon)
Missiles
 k - 8 poisoned darts (quivered)
Armour
 c - a +0 kite shield (worn)
 f - a +0 chain mail (worn)
Jewellery
 n - an amulet of magic regeneration
 o - a ring of wizardry
Scrolls
 e - a scroll of immolation {unknown}
 g - a scroll of amnesia {unknown}
 j - 2 scrolls of noise
Potions
 d - 3 potions of might
 i - 5 potions of curing
 l - a potion of invisibility


   Skills:
 + Level 5.5 Fighting
 + Level 5.6 Maces & Flails
 + Level 5.8 Armour
 + Level 1.6 Dodging
 + Level 0.5 Stealth
 + Level 5.4 Shields


You had 6 spell levels left.
You didn't know any spells.
Your spell library contained the following spells:

 Spells                   Type           Power      Damage    Failure   Level
 Animate Skeleton         Necr           0%         N/A       100%        1
 Pain                     Necr           0%         1d4       100%        1
 Slow                     Hex            0%         N/A       100%        2
 Call Canine Familiar     Summ           0%         N/A       100%        3
 Confusing Touch          Hex            0%         N/A       100%        3
 Portal Projectile        Hex/Tloc       0%         N/A       100%        3
 Vampiric Draining        Necr           0%         2d6       100%        3
 Leda's Liquefaction      Hex/Erth       0%         N/A       100%        4


Dungeon Overview and Level Annotations

Branches:
Dungeon (4/15)             Temple (0/1) D:4

Altars:
Nemelex Xobeh
Ru


Innate Abilities, Weirdness & Mutations

You have a pair of horns on your head.
You reflexively headbutt those who attack you in melee.


Message History

An orc priest comes into view. It is wielding a +0 flail.
An orc comes into view. It is wielding a +0 hand axe.
You block the adder's attack.
The orc priest looks encouraged for a moment.
An orc comes into view. It is wielding a +0 club.
A gnoll shaman comes into view. It is wielding a +0 club.
The adder bites you but does no damage. The adder bites you.
The orc priest calls down the wrath of Beogh upon you.
Beogh smites you! The adder bites you but does no damage.
You block the adder's attack.
A giant cockroach comes into view.
You closely miss the adder. Your headbutt misses the adder.
The adder bites you but does no damage. x2
You barely miss the adder. The adder bites you but does no damage.
You thump the adder!
You kill the adder!
The orc priest calls down the wrath of Beogh upon you.
Beogh smites you!
You sock the endoplasm!
You kill the endoplasm!
The orc warrior hits you with a +0 scimitar!
* * * LOW HITPOINT WARNING * * *
You closely miss the orc warrior. Your headbutt misses the orc warrior.
You block the orc warrior's attack.
The orc warrior hits you with a +0 scimitar.
* * * LOW HITPOINT WARNING * * *
It was a potion of invisibility.
You fade into invisibility!
The orc warrior hits you but does no damage.
You are very lightly contaminated with residual magic.
It was a potion of haste.
You feel yourself speed up. You block the orc warrior's attack.
It was a potion of resistance.
You feel protected.
It was a potion of flight.
You feel very buoyant.
You fly up into the air.
The orc warrior hits you with a +0 scimitar!
You die...

#.......#
##......#
#......#
#.#....#
#.##.#.#####
#..#.......##
##...#####..#
#..## ##.#
#.. #@# #..
##o#
#..#.####go#
#.. #...oo##
#..#.###B##
##. ..o ###.
.o #.


You could see an orc warrior, a gnoll shaman, 2 orc priests, 2 orcs and a giant
cockroach.

Vanquished Creatures
  An ice beast (D:4)
  2 scorpions (D:4)
  A hound (D:4)
  2 centaur skeletons
  Jessica (D:3)
  An iguana (D:4)
  Natasha (thrice) (D:2)
  A hound skeleton (D:4)
  Robin (D:1)
  8 adders
  An ufetubus (D:4)
  A worm (D:2)
  3 dart slugs
  5 orcs (D:4)
  A bat (D:1)
  10 endoplasms
  4 giant cockroaches
  11 goblins
  12 hobgoblins
  9 jackals (D:1)
  2 quokkas
  10 ball pythons
  A frilled lizard (D:1)
  4 kobolds
  5 rats
100 creatures vanquished.

Notes
Turn   | Place    | Note
-------+----------+-------------------------------------------
     0 | D:1      | zdrol the Minotaur Fighter began the quest for the Orb.
     0 | D:1      | Reached XP level 1. HP: 19/19 MP: 0/0
    73 | D:1      | Reached XP level 2. HP: 20/27 MP: 1/1
   694 | D:1      | Reached XP level 3. HP: 33/33 MP: 2/2
  1092 | D:2      | Noticed Robin
  1120 | D:1      | Killed Robin
  1380 | D:2      | Reached XP level 4. HP: 41/41 MP: 3/3
  1442 | D:2      | Noticed Natasha
  1448 | D:2      | Killed Natasha
  1713 | D:2      | Noticed Natasha
  1720 | D:2      | Killed Natasha
  1734 | D:2      | Noticed Natasha
  1743 | D:2      | Killed Natasha
  1744 | D:2      | Reached XP level 5. HP: 42/47 MP: 4/4
  1999 | D:3      | Found a faded altar of an unknown god.
  2551 | D:3      | Reached skill level 5 in Armour
  2718 | D:3      | Noticed Jessica
  2723 | D:3      | Killed Jessica
  2834 | D:3      | Reached skill level 1 in Dodging
  2834 | D:3      | Reached XP level 6. HP: 54/55 MP: 5/5
  3205 | D:4      | Reached skill level 5 in Fighting
  3240 | D:4      | Reached skill level 5 in Maces & Flails
  3510 | D:4      | Noticed an ice beast
  3529 | D:4      | Killed an ice beast
  3530 | D:4      | Reached skill level 5 in Shields
  3530 | D:4      | Reached XP level 7. HP: 12/61 MP: 6/6
  3876 | D:4      | Found a sparkling altar of Nemelex Xobeh.
  3877 | D:4      | Found a staircase to the Ecumenical Temple.
  4018 | D:4      | Found a sacrificial altar of Ru.
  4107 | D:4      | HP: 2/61 [orc warrior (4)]
  4111 | D:4      | Mangled by an orc warrior

Illustrated notes

Levels and vault maps discovered:
D:1:      psy_arrival_whirlpool, layout_basic
D:2:      layout_rooms, st_stairs_11, minmay_misc_feat_enclosed, uniq_robin,
          uniq_natasha
D:3:      layout_rooms, dreamdust_ecumenical_altar_statues, grunt_decor_clamped,
          kennysheep_doodads, st_stairs_1, uniq_jessica
D:4:      layout_cave_pods, mainiacjoe_overflow_six_doors_small,
          nemelex_xobeh_ov_fountains_minmay, minmay_temple_entry_wispy,
          minmay_manual_maat

Skill      XL: |  1  2  3  4  5  6 |
---------------+-------------------+-----
Fighting       | 4 5 |  5.5
Maces & Flails | 3 4 5 |  5.6
Armour         | 4 5 |  5.8
Shields        | 4 5 |  5.4
Dodging        | 1 |  1.6
Stealth        | |  0.5

Action                   |  1- 3 |  4- 6 |  7- 9 || total
-------------------------+-------+-------+-------++-------
Melee: Flail             |   101 |   125 |    35 ||   261
       Headbutt          |     9 |    22 |     4 ||    35
Throw: Dart              |       |     1 |       ||     1
  Use: Scroll            |     1 |     1 |       ||     2
       Potion            |       |     1 |     4 ||     5
Armor: Scale mail        |    24 |       |       ||    24
       Chain mail        |    58 |    81 |    23 ||   162
Dodge: Dodged            |    31 |    36 |    12 ||    79
Block: Kite shield       |    87 |    82 |    19 ||   188
